SL
THUNDER BAY NORTHERN LIONS BC @ TOLEDO TITANS
07/26/2023
 
TOP OF THE 1ST
Thunder Bay Northern Lions BC batting - Pitching for Toledo Titans : RHP Chip Bishop
Pitching: RHP Chip Bishop
Batting: RHB Raúl Valadez 0-0: Ball
1-0: Foul Ball, location: 2F
1-1: Called Strike
1-2: Ball
2-2: Strikes out swinging
Batting: RHB Jonathan Cook 0-0: Ball
1-0: Ball
2-0: Foul Ball, location: 2F
2-1: Foul Ball, location: 2F
2-2: Ball
3-2: SINGLE (Flyball, 89S)
Batting: SHB Carlos Rodríguez 0-0: Ball
1-0: Foul Ball, location: 2F
1-1: Foul Ball, location: 2F
1-2: Ball
2-2: Ball
3-2: Strikes out looking
Batting: RHB Robert O'Connor 0-0: SINGLE (Line Drive, 34D)
Jonathan Cook to second
Runner from 2nd tries for 3rd, SAFE, throw made to third
Batting: RHB Ed Whitaker 0-0: Called Strike
0-1: Ball
1-1: Foul Ball, location: 2F
1-2: Ground out 6-3 (Groundball, 6)
Top of the 1st over - 0 run(s), 2 hit(s), 0 error(s), 2 left on base; Thunder Bay 0 - Toledo 0
BOTTOM OF THE 1ST
Toledo Titans batting - Pitching for Thunder Bay Northern Lions BC : RHP Tyler MacHugh
Pitching: RHP Tyler MacHugh
Batting: LHB José Ortega 0-0: Called Strike
0-1: Ball
1-1: Ball
2-1: Foul Ball, location: 2F
2-2: Ball
3-2: Strikes out swinging
Batting: LHB Chris West 0-0: Ball
1-0: Ball
2-0: Called Strike
2-1: Ball
3-1: Foul Ball, location: 2F
3-2: Foul Ball, location: 2F
3-2: Ground out 4-3 (Groundball, 4D)
Batting: LHB Tony Dyer 0-0: Called Strike
0-1: Fly out, F8 (Flyball, 8LD)
Bottom of the 1st over - 0 run(s), 0 hit(s), 0 error(s), 0 left on base; Thunder Bay 0 - Toledo 0
TOP OF THE 2ND
Thunder Bay Northern Lions BC batting - Pitching for Toledo Titans : RHP Chip Bishop
Batting: LHB Pancho García 0-0: Swinging Strike
0-1: Ball
1-1: Ball
2-1: Ground out U3 (Groundball, 3)
Batting: RHB Adrian Smith 0-0: Swinging Strike
0-1: Foul Ball, location: 2F
0-2: Foul Ball, location: 2F
0-2: Strikes out swinging
Batting: LHB Mike Blue 0-0: Ball
1-0: Ball
2-0: Ball
3-0: Base on Balls
Batting: RHB Keith Fish 0-0: Ball
1-0: Ball
2-0: Fly out, F8 (Flyball, 8LM)
Top of the 2nd over - 0 run(s), 0 hit(s), 0 error(s), 1 left on base; Thunder Bay 0 - Toledo 0
BOTTOM OF THE 2ND
Toledo Titans batting - Pitching for Thunder Bay Northern Lions BC : RHP Tyler MacHugh
Batting: LHB Yannick Hendriksen 0-0: Foul Ball, location: 2F
0-1: Ball
1-1: Ball
2-1: Foul Ball, location: 2F
2-2: Foul Ball, location: 2F
2-2: Ground out 4-3 (Groundball, 4M)
Batting: RHB Steve Dunn 0-0: Ball
1-0: Called Strike
1-1: Called Strike
1-2: Ground out 6-3 (Groundball, 6)
Batting: LHB Jorge Flores 0-0: Fly out, F8 (Flyball, 8LD)
Bottom of the 2nd over - 0 run(s), 0 hit(s), 0 error(s), 0 left on base; Thunder Bay 0 - Toledo 0
TOP OF THE 3RD
Thunder Bay Northern Lions BC batting - Pitching for Toledo Titans : RHP Chip Bishop
Batting: RHB Raúl Valadez 0-0: Swinging Strike
0-1: Ball
1-1: Fly out, F7 (Popup, 78S)
Batting: RHB Jonathan Cook 0-0: DOUBLE (Flyball, 89XD)
Batting: SHB Carlos Rodríguez 0-0: Ground out 4-3 (Groundball, 4)
Jonathan Cook to third
Batting: RHB Robert O'Connor 0-0: Ball
1-0: Fly out, F8 (Flyball, 8RXD)
Top of the 3rd over - 0 run(s), 1 hit(s), 0 error(s), 1 left on base; Thunder Bay 0 - Toledo 0
BOTTOM OF THE 3RD
Toledo Titans batting - Pitching for Thunder Bay Northern Lions BC : RHP Tyler MacHugh
Batting: RHB Pil-joong Pak 0-0: Ball
1-0: Foul Ball, location: 2F
1-1: Called Strike
1-2: Ball
2-2: Foul Ball, location: 2F
2-2: Ball
3-2: Ground out 5-3 (Groundball, 56)
Batting: RHB Paul Houston 0-0: Foul Ball, location: 2F
0-1: Fly out, F8 (Flyball, 8LM)
Batting: RHB Mike Burns 0-0: Ball
1-0: TRIPLE (Line Drive, 7LS)
Batting: LHB José Ortega 0-0: Swinging Strike
0-1: Ball
1-1: Swinging Strike
1-2: Foul Ball, location: 2F
1-2: Strikes out looking
Bottom of the 3rd over - 0 run(s), 1 hit(s), 0 error(s), 1 left on base; Thunder Bay 0 - Toledo 0
TOP OF THE 4TH
Thunder Bay Northern Lions BC batting - Pitching for Toledo Titans : RHP Chip Bishop
Batting: RHB Ed Whitaker 0-0: SINGLE (Groundball, 56D)
Batting: LHB Pancho García 0-0: Called Strike
0-1: Ball
1-1: Swinging Strike
1-2: Foul Ball, location: 2F
1-2: Ball
2-2: Foul Ball, location: 2F
2-2: Ball
3-2: SINGLE (Groundball, 15) (infield hit)
Ed Whitaker to second
Batting: RHB Adrian Smith 0-0: Ball
1-0: Swinging Strike
1-1: Swinging Strike
1-2: Ball
2-2: Ball
3-2: Foul Ball, location: 2F
3-2: Foul Ball, location: 2F
3-2: Foul Ball, location: 2F
3-2: Base on Balls
Ed Whitaker to third
Pancho García to second
Batting: LHB Mike Blue 0-0: Ball
1-0: Ball
2-0: Ground out 4-3 (Groundball, 4MS)
Ed Whitaker scores
Pancho García to third
Adrian Smith to second
Batting: RHB Keith Fish 0-0: Ground out 6-3 (Groundball, 6)
Pancho García scores
Batting: RHB Raúl Valadez 0-0: Swinging Strike
0-1: Ball
1-1: Swinging Strike
1-2: Foul Ball, location: 2F
1-2: Hit by Pitch
Batting: RHB Jonathan Cook 0-0: Ball
1-0: Ball
2-0: Ball
3-0: Called Strike
3-1: Foul Ball, location: 2F
3-2: Fly out, F4 (Popup, 4MD)
Top of the 4th over - 2 run(s), 2 hit(s), 0 error(s), 2 left on base; Thunder Bay 2 - Toledo 0
BOTTOM OF THE 4TH
Toledo Titans batting - Pitching for Thunder Bay Northern Lions BC : RHP Tyler MacHugh
Batting: LHB Chris West 0-0: Ball
1-0: Ball
2-0: Called Strike
2-1: SINGLE (Groundball, 3D)
Batting: LHB Tony Dyer 0-0: Ball
1-0: Called Strike
1-1: Ball
2-1: Ball
3-1: Ground out U3 (Groundball, 3S)
Chris West to second
Batting: LHB Yannick Hendriksen 0-0: Ball
Chris West is caught stealing 3rd base
1-0: Ball
2-0: Ball
3-0: Base on Balls
Batting: RHB Steve Dunn 0-0: Called Strike
0-1: Ball
1-1: Swinging Strike
1-2: Ball
2-2: Ball
3-2: Base on Balls
Yannick Hendriksen to second
Batting: LHB Jorge Flores 0-0: Ball
1-0: Swinging Strike
1-1: Ball
2-1: Ball
3-1: Called Strike
3-2: DOUBLE (Groundball, 5L)
Yannick Hendriksen scores
Steve Dunn to third
Steve Dunn scores
Batting: RHB Pil-joong Pak 0-0: Intentional Walk
Batting: RHB Paul Houston 0-0: Foul Ball, location: 2F
0-1: Ball
1-1: Ground out 1-3 (Groundball, 23)
Bottom of the 4th over - 2 run(s), 2 hit(s), 0 error(s), 2 left on base; Thunder Bay 2 - Toledo 2
TOP OF THE 5TH
Thunder Bay Northern Lions BC batting - Pitching for Toledo Titans : RHP Chip Bishop
Batting: SHB Carlos Rodríguez 0-0: Ball
1-0: Ball
2-0: Swinging Strike
2-1: Called Strike
2-2: Strikes out swinging
Batting: RHB Robert O'Connor 0-0: Ball
1-0: Ball
2-0: Swinging Strike
2-1: Ball
3-1: Base on Balls
Batting: RHB Ed Whitaker 0-0: Ball
1-0: Ball
2-0: Called Strike
2-1: Swinging Strike
2-2: Ball
3-2: Strikes out swinging
Pitching: RHP Ricardo Gómez
Batting: LHB Pancho García 0-0: Ground out 4-3 (Groundball, 4)
Top of the 5th over - 0 run(s), 0 hit(s), 0 error(s), 1 left on base; Thunder Bay 2 - Toledo 2
BOTTOM OF THE 5TH
Toledo Titans batting - Pitching for Thunder Bay Northern Lions BC : RHP Tyler MacHugh
Batting: RHB Mike Burns 0-0: Foul Ball, location: 2F
0-1: Ball
1-1: Ball
2-1: Ball
3-1: Base on Balls
Batting: LHB José Ortega 0-0: Called Strike
Mike Burns steals 2nd base
0-1: Called Strike
0-2: Fly out, F6 (Popup, 5F)
Batting: LHB Chris West 0-0: Ball
1-0: Ball
2-0: DOUBLE (Line Drive, 89D)
Mike Burns scores
Batting: LHB Tony Dyer 0-0: Called Strike
Chris West steals 3rd base
0-1: Ball
1-1: Ball
2-1: Ball
3-1: Base on Balls
Batting: LHB Yannick Hendriksen 0-0: Called Strike
0-1: Ball
1-1: Called Strike
1-2: Strikes out swinging
Batting: RHB Steve Dunn 0-0: Ground out 5-3 (Groundball, 56S)
Bottom of the 5th over - 1 run(s), 1 hit(s), 0 error(s), 2 left on base; Thunder Bay 2 - Toledo 3
TOP OF THE 6TH
Thunder Bay Northern Lions BC batting - Pitching for Toledo Titans : RHP Ricardo Gómez
Batting: RHB Adrian Smith 0-0: Called Strike
0-1: SOLO HOME RUN (Flyball, 78XD), Distance : 439 ft
Batting: LHB Mike Blue 0-0: Called Strike
0-1: Ball
1-1: Ball
2-1: SINGLE (Groundball, 56D) (infield hit)
Batting: RHB Keith Fish 0-0: Bunted foul
0-1: Sac Bunt - play at first, batter OUT! 1-4
Mike Blue to second
Batting: RHB Raúl Valadez 0-0: Ball
1-0: Ground out 5-3 (Groundball, 56)
Batting: RHB Jonathan Cook 0-0: Ball
1-0: Ball
2-0: Ground out 5-3 (Groundball, 5S)
Top of the 6th over - 1 run(s), 2 hit(s), 0 error(s), 1 left on base; Thunder Bay 3 - Toledo 3
BOTTOM OF THE 6TH
Toledo Titans batting - Pitching for Thunder Bay Northern Lions BC : RHP Tyler MacHugh
Batting: LHB Jorge Flores 0-0: Ball
1-0: Called Strike
1-1: Ground out 6-3 (Groundball, 6M)
Batting: RHB Pil-joong Pak 0-0: Foul Ball, location: 2F
0-1: Ball
1-1: Ground out 6-3 (Groundball, 6)
Batting: RHB Paul Houston 0-0: Called Strike
0-1: Ball
1-1: Bunt for hit - play at first, batter OUT! 1-3
Bottom of the 6th over - 0 run(s), 0 hit(s), 0 error(s), 2 left on base; Thunder Bay 3 - Toledo 3
TOP OF THE 7TH
Thunder Bay Northern Lions BC batting - Pitching for Toledo Titans : RHP Ricardo Gómez
Batting: SHB Carlos Rodríguez 0-0: Ball
1-0: Called Strike
1-1: Ball
2-1: Foul Ball, location: 2F
2-2: Strikes out swinging
Batting: RHB Robert O'Connor 0-0: Ball
1-0: Swinging Strike
1-1: Ball
2-1: Called Strike
2-2: Foul Ball, location: 2F
2-2: Ball
3-2: SINGLE (Flyball, 8RS)
Pinch Hitting: LHB David Smith 0-0: Ball
1-0: Swinging Strike
1-1: Ball
2-1: Foul Ball, location: 2F
2-2: Strikes out swinging
Batting: LHB Pancho García 0-0: Ground out 6-3 (Groundball, 6)
Top of the 7th over - 0 run(s), 1 hit(s), 0 error(s), 1 left on base; Thunder Bay 3 - Toledo 3
BOTTOM OF THE 7TH
Toledo Titans batting - Pitching for Thunder Bay Northern Lions BC : RHP Tyler MacHugh
Now in CF: David Smith
Batting: RHB Mike Burns 0-0: Ball
1-0: Ball
2-0: Ball
3-0: Called Strike
3-1: Foul Ball, location: 2F
3-2: Foul Ball, location: 2F
3-2: Foul Ball, location: 2F
3-2: Foul Ball, location: 2F
3-2: Base on Balls
Pitching: LHP Xavier Perea
Batting: LHB José Ortega
Pinch Hitting: RHB Juan Ramos 0-0: Sac Bunt - play at first, batter OUT! 1-4
Mike Burns to second
Batting: LHB Chris West 0-0: Ball
1-0: Ball
2-0: Ball
3-0: Called Strike
3-1: Base on Balls
Batting: LHB Tony Dyer 0-0: Ball
1-0: SINGLE (Groundball, 3L)
Mike Burns to third
Chris West to second
Batting: LHB Yannick Hendriksen 0-0: Swinging Strike
0-1: Grounds into double play, U4-3 (Groundball, 4)
Bottom of the 7th over - 0 run(s), 1 hit(s), 0 error(s), 2 left on base; Thunder Bay 3 - Toledo 3
TOP OF THE 8TH
Thunder Bay Northern Lions BC batting - Pitching for Toledo Titans : RHP Ricardo Gómez
Now at 2B: Juan Ramos
Batting: RHB Adrian Smith 0-0: Ball
1-0: Foul Ball, location: 2F
1-1: Ground out 1-3 (Groundball, 13S)
Pinch Hitting: LHB John Brewer 0-0: Ball
1-0: Foul Ball, location: 2F
1-1: Called Strike
1-2: Ball
2-2: Strikes out swinging
Pinch Hitting: LHB Curtis Peters 0-0: Foul Ball, location: 2F
0-1: Ball
1-1: Ball
2-1: SINGLE (Groundball, 34D)
Batting: RHB Raúl Valadez 0-0: Fielders Choice at 2nd, U6 (Groundball, 6M)
Top of the 8th over - 0 run(s), 1 hit(s), 0 error(s), 1 left on base; Thunder Bay 3 - Toledo 3
BOTTOM OF THE 8TH
Toledo Titans batting - Pitching for Thunder Bay Northern Lions BC : LHP Xavier Perea
Now at 1B: John Brewer
Now at 2B: Curtis Peters
Batting: RHB Steve Dunn 0-0: Fly out, F3 (Popup, 4S)
Pinch Hitting: RHB Ramiro Rico 0-0: Fly out, F6 (Popup, 6)
Batting: RHB Pil-joong Pak 0-0: Ball
1-0: Swinging Strike
1-1: Ground out 6-3 (Groundball, 6M)
Bottom of the 8th over - 0 run(s), 0 hit(s), 0 error(s), 0 left on base; Thunder Bay 3 - Toledo 3
TOP OF THE 9TH
Thunder Bay Northern Lions BC batting - Pitching for Toledo Titans : RHP Ricardo Gómez
Pitching: LHP Brandeis Vogt
Now in RF: Pedro Pérez
Batting: RHB Jonathan Cook 0-0: Ball
1-0: Foul Ball, location: 2F
1-1: Ground out 6-3 (Groundball, 6)
Batting: SHB Carlos Rodríguez 0-0: Called Strike
0-1: Ball
1-1: Ground out 4-3 (Groundball, 13)
Batting: RHB Robert O'Connor 0-0: Swinging Strike
0-1: Ground out 5-3 (Groundball, 56)
Top of the 9th over - 0 run(s), 0 hit(s), 0 error(s), 0 left on base; Thunder Bay 3 - Toledo 3
BOTTOM OF THE 9TH
Toledo Titans batting - Pitching for Thunder Bay Northern Lions BC : LHP Xavier Perea
Batting: RHB Paul Houston 0-0: Called Strike
0-1: Ball
1-1: Ball
2-1: SINGLE (Groundball, 15S) (infield hit)
Batting: RHB Mike Burns 0-0: Ball
1-0: Ball
2-0: Bunted foul
2-1: Ball
3-1: Sac Bunt - play at first, batter OUT! 2-4
Paul Houston to second
Batting: RHB Juan Ramos 0-0: Intentional Walk
Batting: LHB Chris West 0-0: Called Strike
0-1: Swinging Strike
0-2: Fielders Choice at 2nd, 4-6 (Groundball, 4)
Paul Houston to third
Batting: LHB Tony Dyer 0-0: Ball
1-0: Ball
2-0: Fly out, F8 (Flyball, 8RXD)
Bottom of the 9th over - 0 run(s), 1 hit(s), 0 error(s), 2 left on base; Thunder Bay 3 - Toledo 3
TOP OF THE 10TH
Thunder Bay Northern Lions BC batting - Pitching for Toledo Titans : LHP Brandeis Vogt
Batting: LHB David Smith 0-0: Foul Ball, location: 2F
0-1: Swinging Strike
0-2: Foul Ball, location: 2F
0-2: Hit by Pitch
Pinch Runner at 1st Ramón Ortega:
Batting: LHB Pancho García 0-0: Ball
1-0: Fly out, F8 (Flyball, 8RM)
Batting: RHB Adrian Smith 0-0: Ball
1-0: Ball
2-0: Called Strike
2-1: Ball
3-1: Swinging Strike
3-2: Fly out, F9 (Flyball, 9S)
Batting: LHB John Brewer 0-0: Swinging Strike
0-1: Swinging Strike
0-2: Ground out 5-3 (Groundball, 15S)
Top of the 10th over - 0 run(s), 0 hit(s), 0 error(s), 1 left on base; Thunder Bay 3 - Toledo 3
BOTTOM OF THE 10TH
Toledo Titans batting - Pitching for Thunder Bay Northern Lions BC : LHP Xavier Perea
Now in CF: Ramón Ortega
Batting: LHB Yannick Hendriksen 0-0: Ground out 4-3 (Groundball, 4S)
Pitching: RHP José Ramos
Batting: RHB Steve Dunn 0-0: Ball
1-0: Fly out, F1 (Line Drive, 15)
Batting: RHB Pedro Pérez 0-0: Called Strike
0-1: Foul Ball, location: 2F
0-2: Ground out 4-3 (Groundball, 4)
Bottom of the 10th over - 0 run(s), 0 hit(s), 0 error(s), 0 left on base; Thunder Bay 3 - Toledo 3
TOP OF THE 11TH
Thunder Bay Northern Lions BC batting - Pitching for Toledo Titans : LHP Brandeis Vogt
Batting: LHB Curtis Peters 0-0: Foul Ball, location: 2F
0-1: Ball
1-1: Foul Ball, location: 2F
1-2: Strikes out swinging
Batting: RHB Raúl Valadez 0-0: Ball
1-0: Called Strike
1-1: Ball
2-1: Ball
3-1: Swinging Strike
3-2: Foul Ball, location: 2F
3-2: Foul Ball, location: 2F
3-2: Ground out 5-3 (Groundball, 56)
Batting: RHB Jonathan Cook 0-0: Ball
1-0: Fly out, F9 (Flyball, 9S)
Top of the 11th over - 0 run(s), 0 hit(s), 0 error(s), 0 left on base; Thunder Bay 3 - Toledo 3
BOTTOM OF THE 11TH
Toledo Titans batting - Pitching for Thunder Bay Northern Lions BC : RHP José Ramos
Batting: RHB Pil-joong Pak 0-0: Ground out 6-3 (Groundball, 6)
Batting: RHB Paul Houston 0-0: SINGLE (Groundball, 4MD)
Batting: RHB Mike Burns 0-0: Ball
1-0: Foul Ball, location: 2F
1-1: Foul Ball, location: 2F
1-2: Ball
Paul Houston steals 2nd base
2-2: Foul Ball, location: 2F
2-2: Foul Ball, location: 2F
2-2: Foul Ball, location: 2F
2-2: Fly out, F7 (Line Drive, 7LM)
Batting: RHB Juan Ramos 0-0: SINGLE (Line Drive, 8RS)
Paul Houston to third
Runner from 3rd tries for Home, SAFE, no throw or cutoff
This league is powered by Out of the Park Baseball, the baseball management simulation game for PC, Mac and Linux
Friday, July 8th, 2016 - OOTP Baseball 16.9 Build 39